[Event "26th Triest Festival 2024"]
[Site "Triest"]
[Date "2024.09.02"]
[Round "1.1"]
[White "Bosiocic, Marin"]
[Black "Gregoric, Andraz"]
[Result "1-0"]
[Annotator "ChessBase"]
[ECO "A24"]
[WhiteElo "2555"]
[BlackElo "2175"]
[PlyCount "43"]
[EventDate "2024.09.02"]
[EventType "swiss"]
[EventCountry "ITA"]
[SourceTitle "playchess.com"]
[Source "ChessBase"]
[SourceQuality "1"]
[TimeControl "5400+30"]

1. Nf3 Nf6 2. g3 g6 3. Bg2 Bg7 4. c4 d6 5. O-O e5 6. Nc3 c6 7. d3 O-O 8. b4 Qc7 9. b5 h6 10. bxc6 bxc6 11. Ba3 Be6 12. Qa4 Nfd7 13. Nd2 f5 14. Rab1 a5 15. Rfc1 Rd8 16. Nd5 Bxd5 17. cxd5 c5 18. Nc4 Nf6 19. Nxe5 dxe5 20. d6 Qa7 21. Bxc5 Qa6 22. Bb7 1-0

[Event "26th Triest Festival 2024"]
[Site "Triest"]
[Date "2024.09.02"]
[Round "1.2"]
[White "Schnell, Simon"]
[Black "Baklan, Vladimir"]
[Result "0-1"]
[Annotator "TA"]
[ECO "A21"]
[WhiteElo "2174"]
[BlackElo "2535"]
[PlyCount "38"]
[EventDate "2024.09.02"]
[EventType "swiss"]
[EventCountry "ITA"]
[SourceTitle "playchess.com"]
[Source "ChessBase"]
[SourceQuality "1"]
[TimeControl "5400+30"]

1. d4 d6 2. c4 e5 3. Nc3 exd4 4. Qxd4 Nc6 5. Qd2 Nf6 6. b3 a5 7. Bb2 a4 8. g3 (8. bxa4 Be6 $15) (8. Rd1 $11) 8... a3 $1 $17 9. Bc1 {[%emt 0:00:41] [#] Black is clearly better.} d5 10. cxd5 {[%emt 0:15:13] [#]} Bb4 $1 11. Qe3+ (11. dxc6 $2 {too greedy.} Nd5 12. Nxd5 (12. cxb7 $2 Bxb7 13. Nxd5 Bxd2+ 14. Bxd2 Bxd5 $19) 12... Bxd2+ 13. Bxd2 Qxd5 $19) 11... Ne7 {[%emt 0:10:30][%mdl 1024] Black has strong compensation.} 12. Bd2 O-O (12... Nfxd5 13. Nxd5 Bxd2+ 14. Qxd2 $19) 13. Bg2 {[%emt 0:03:14] [#]} Re8 $1 $36 {[%emt 0:01:29][%mdl 2048] Black has some pressure. Black is more active.} 14. Qd4 {[%emt 0:05:37][%mdl 8192] Loses the game.} (14. Rd1 $1 $15) 14... c5 $19 15. Qd3 {[%emt 0:02:24] [#]} Bf5 {[%emt 0:03:08] Black is clearly winning.} 16. Qc4 {[%emt 0:04:01] [#]} b5 $1 17. Qxb5 (17. Qf4 Qd7) 17... Nexd5 18. Qc4 {[%emt 0:05:45] [#]} Nxc3 $1 19. Bxa8 (19. Bxc3 Be6) 19... Bd3 {[%emt 0:01:09] Weighted Error Value: White=1.20/Black=0.00 (flawless) .  Loses game:     	White=1     	---        Mistake:       	White=1     	---        Inaccurate:     	White=2     	---        OK:         	White=4     	Black=5      Best:        	White=2     	Black=3      Strong:       	---       	Black=3      Brilliant:      	---       	Black=1} 0-1

[Event "26th Triest Festival 2024"]
[Site "Triest"]
[Date "2024.09.02"]
[Round "1.3"]
[White "Tiviakov, Sergei"]
[Black "Belli, Giorgio"]
[Result "1-0"]
[Annotator "TA"]
[ECO "B80"]
[WhiteElo "2531"]
[BlackElo "2168"]
[PlyCount "65"]
[EventDate "2024.09.02"]
[EventType "swiss"]
[EventCountry "ITA"]
[SourceTitle "playchess.com"]
[Source "ChessBase"]
[SourceQuality "1"]
[TimeControl "5400+30"]

1. e4 c5 2. Nc3 d6 3. Nge2 Nf6 4. g3 e6 5. Bg2 Be7 6. d4 cxd4 7. Nxd4 O-O 8. O-O Nc6 9. Nde2 Qc7 10. Nb5 Qb8 11. b3 a6 {[%emt 0:03:31] The position is equal.} 12. Nbd4 Rd8 13. c4 h6 14. Bb2 e5 15. Nf5 Bf8 16. Nc3 b5 17. Nd5 (17. Qf3 {feels hotter.} bxc4 18. Nxh6+ gxh6 19. Qxf6 cxb3 20. Nd5) 17... Nxd5 18. cxd5 ({Of course not} 18. Qxd5 $6 Ne7 19. Nxe7+ Bxe7 $11) 18... Ne7 19. Ne3 {[%emt 0:04:10] White is much more active.} f5 (19... a5 $142) 20. exf5 $16 Nxf5 21. Nxf5 ({White should play} 21. Qh5 $18 Kh7 22. Be4 (22. Nxf5 g6 $16)) 21... Bxf5 $14 22. f4 {[%emt 0:00:02] Strongly threatening fxe5.} Qa7+ 23. Kh1 exf4 {[%emt 0:00:15][%mdl 8192] Loses the game.} (23... Qd7 $1 $14) 24. Rxf4 $18 Bg6 (24... Qd7 $142 25. Qd4 Bg6) 25. Qg4 {[%emt 0:00:59] White is clearly winning.} Bf7 26. Raf1 Qd7 27. Qf3 Ra7 28. Bd4 Rb7 29. h4 Rc8 30. Rf2 Rc5 31. Bxc5 dxc5 {[%emt 0:00:04] [#]} 32. d6 $1 Ra7 {[%emt 0:00:49] [#]} (32... Bxd6 33. Rxf7) 33. Rxf7 $1 {[%emt 0:00:09][%mdl 512] Weighted Error Value: White=0.06 (flawless) /Black=0.48.  Loses game:     	---       	Black=1      Mistake:       	White=1     	Black=2      Inaccurate:     	---       	Black=2      OK:         	White=11    	Black=10     Best:        	White=3     	---} 1-0

[Event "26th Triest Festival 2024"]
[Site "Triest"]
[Date "2024.09.02"]
[Round "1.4"]
[White "Candian, Lorenzo"]
[Black "Valsecchi, Alessio"]
[Result "0-1"]
[Annotator "TA"]
[ECO "B40"]
[WhiteElo "2164"]
[BlackElo "2475"]
[PlyCount "78"]
[EventDate "2024.09.02"]
[EventType "swiss"]
[EventCountry "ITA"]
[SourceTitle "playchess.com"]
[Source "ChessBase"]
[SourceQuality "1"]
[TimeControl "5400+30"]

1. e4 c5 2. Nf3 e6 3. g3 Nc6 4. Bg2 Nf6 5. d3 d5 6. Qe2 g6 ({Black should try} 6... Be7 $11) 7. O-O Bg7 8. e5 {[%emt 0:06:14][%cal Oc1g5] The position is equal.} Nd7 9. Bf4 h6 10. h4 g5 11. hxg5 hxg5 12. Bxg5 Nd4 13. Nxd4 Qxg5 14. Nf3 Qh5 15. Re1 b6 16. Nbd2 Bb7 17. c3 d4 18. cxd4 (18. Nc4 {is more complex.} Ke7 19. cxd4 cxd4 20. Nh4) 18... cxd4 19. Nc4 {[%emt 0:13:10] Threatens to win with Nd6+.} Kf8 20. a4 {[%emt 0:07:20] Strongly threatening Nh4.} (20. Nxd4 $2 Qh2+ 21. Kf1 Bxg2#) 20... Rc8 21. Nh4 $1 (21. Nxd4 $2 Qh2+ 22. Kf1 Bxg2#) 21... Qxe2 22. Rxe2 Ba6 23. Nd6 Rd8 24. f4 Nc5 {[%emt 0:01:34] [#]} (24... Bxd3 $16 25. Rd2 Ba6 (25... Nc5 $2 26. a5 $18)) 25. b4 $2 (25. a5 $1 $18) 25... Nxd3 $14 26. b5 Nxf4 $1 27. gxf4 d3 28. Ree1 {[%emt 0:04:16] This costs White the game.} (28. Ng6+ $14 {stays ahead.} fxg6 29. Rea2 Rxd6 30. exd6 Bxa1 31. Rxa1) 28... Rxh4 $19 29. bxa6 {[%emt 0:00:01] [#]} Rxd6 30. exd6 $2 (30. Rad1 {is more resistant.}) 30... Bd4+ 31. Kf1 Rxf4+ 32. Bf3 Rxf3+ {[%emt 0:03:49][%mdl 4096] Endgame. KRR-KRB} 33. Kg2 Rf2+ 34. Kg3 Rc2 {[%emt 0:00:25][%cal Od3d2] ...d2! would now be deadly.} 35. Rab1 Bf2+ 36. Kf4 Bxe1 37. Rxe1 Rc6 {[%emt 0:01:34][%cal Od3d2] ( -> ...d2!)} 38. Ke5 Rc5+ 39. Ke4 Rd5 {[%emt 0:28:09] Weighted Error Value: White=0.91/Black=0.12 (very precise) .  Loses game:     	White=1     	---        Missed win:     	White=1     	---        Mistake:       	White=1     	Black=2      Inaccurate:     	White=3     	Black=3      OK:         	White=10    	Black=10     Best:        	White=1     	Black=4      Strong:       	White=1     	Black=1} (39... d2 $142 40. Rd1 Rd5 41. Ke3 f5 (41... Rxd6 $2 42. Kf4 $19) 42. Kf4 Rxd6 43. Kg3 e5 44. Kh4 e4 45. Kg3 Rd3+ 46. Kg2 Ke7 47. Kf2 f4 48. Kf1 Rf3+ 49. Ke2 Re3+ 50. Kf1 Re1+ (50... Rd3 $2 51. a5 $19) 51. Rxe1 e3 52. Rb1 f3 53. Re1 dxe1=N (53... dxe1=R+ {leads to mate.} 54. Kxe1 e2 55. Kf2 Kf6 56. Ke1 Ke5 57. Kd2 Ke4 58. a5 bxa5 59. Ke1 a4 60. Kf2 a3 61. Ke1 a2 62. Kf2 a1=Q 63. Kg3 e1=Q+ 64. Kh3 Qh8+ 65. Kg4 Qhh4#) (53... Kd6 54. Rxe3 d1=Q+ 55. Kf2 $19) 54. Kxe1 e2 55. Kd2 Ke6 56. Ke1 Kf5 57. Kd2 Ke4 (57... Kf4 {is a self mate.} 58. a5 bxa5 59. Ke1 a4 60. Kd2 a3 61. Kd3 e1=Q 62. Kc4 Qa5 63. Kb3 a2 64. Kc4 a1=Q 65. Kd3 Q5c3#) 58. a5 bxa5 59. Ke1 a4 60. Kd2 a3 61. Kc2 e1=Q (61... e1=B {gets mated.} 62. Kb3 f2 63. Kxa3 f1=Q 64. Kb3 Qb5+ 65. Kc2 Qb4 66. Kc1 Kd3 67. Kd1 Qd2#) 62. Kb3 Qa5 (62... f2 63. Kc4 f1=Q+ 64. Kc5 Qc3+ 65. Kd6 Qff6+ 66. Kd7 Qcc6#) 63. Kc4 a2 (63... Qxa6+ 64. Kc5 a2 65. Kb4 a1=Q 66. Kc5 Qd4#) 64. Kb3 a1=Q 65. Kc4 Q1c3#) 0-1

[Event "26th Triest Festival 2024"]
[Site "Triest"]
[Date "2024.09.02"]
[Round "1.5"]
[White "Goh, Wei Ming Kevin"]
[Black "Kubik, Rafal"]
[Result "1/2-1/2"]
[Annotator "TA"]
[ECO "B52"]
[WhiteElo "2449"]
[BlackElo "2164"]
[PlyCount "58"]
[EventDate "2024.09.02"]
[EventType "swiss"]
[EventCountry "ITA"]
[SourceTitle "playchess.com"]
[Source "ChessBase"]
[SourceQuality "1"]
[TimeControl "5400+30"]

1. e4 c5 2. Nf3 d6 3. Bb5+ Bd7 4. Bxd7+ Qxd7 5. O-O Nc6 6. c3 d5 7. exd5 Qxd5 8. d4 e6 9. Be3 cxd4 10. Nxd4 Nf6 11. Qa4 Be7 12. Nb5 (12. Nxc6 {simplifies} Qxc6 13. Qxc6+ bxc6 14. Nd2) 12... Rc8 {[%emt 0:02:58] Inhibits Nc7+.} 13. c4 Qh5 14. Bxa7 O-O {[%emt 0:01:40] [#] Strongly threatening ...Nxa7.} 15. Bb6 Ne5 (15... Nd7 $17 16. Be3 Nde5) 16. Nd2 $11 Qe2 17. Be3 (17. Bd4 {simplifies} Nxc4 18. Nxc4 Qxc4 19. Qxc4 Rxc4 20. Rfd1) 17... Nxc4 18. Nd4 Qd3 ({Avoid the trap} 18... Nxb2 $2 19. Qb3 Qd3 20. Qxb2 $18) 19. Nxc4 Rxc4 20. Rfd1 Rxa4 21. Rxd3 Nd5 22. Rb3 Bf6 23. Nf3 {[%emt 0:05:11] The position is equal.} Rc8 24. Rxb7 h6 25. Ne1 Nxe3 26. fxe3 Rd8 27. Nf3 {[%emt 0:01:18] Inhibits Rd2.} Rc8 28. Ne1 {[%emt 0:01:44] Against Rc2} Rd8 29. Nf3 {[%emt 0:01:10] Against Rd2} Rc8 {[%emt 0:00:08] Weighted Error Value: White=0.06 (flawless) /Black=0.07 (flawless) .  Mistake:       	---       	Black=1      Inaccurate:     	White=3     	---        OK:         	White=12    	Black=9      Best:        	White=2     	Black=1} 1/2-1/2

[Event "26th Triest Festival 2024"]
[Site "Triest"]
[Date "2024.09.02"]
[Round "1.6"]
[White "Centamore, Alberto"]
[Black "Doric, Darko"]
[Result "0-1"]
[Annotator "TA"]
[ECO "D30"]
[WhiteElo "2155"]
[BlackElo "2443"]
[PlyCount "70"]
[EventDate "2024.09.02"]
[EventType "swiss"]
[EventCountry "ITA"]
[SourceTitle "playchess.com"]
[Source "ChessBase"]
[SourceQuality "1"]
[TimeControl "5400+30"]

1. d4 d5 2. c4 e6 3. Nf3 c6 4. g3 dxc4 5. Bg2 b5 6. O-O Bb7 7. a4 a6 8. b3 cxb3 9. Qxb3 Nf6 {[%emt 0:01:32] The position is equal.} 10. Be3 Nbd7 11. Rc1 Be7 12. Nbd2 O-O 13. Qb1 (13. Nc4 $15) 13... Nd5 $17 14. Nb3 Nxe3 15. fxe3 Qb6 16. Qc2 (16. Nfd2 $142) 16... Rac8 17. Nc5 Nxc5 18. dxc5 Qc7 19. Nd4 Bf6 20. Qe4 Rfd8 21. axb5 axb5 22. Ra7 {[%emt 0:15:15][%cal Od4c6] [#]} Bxd4 ({Black should play} 22... Qb8 $1 $19 23. Ra3 Rd7) 23. exd4 $15 Ra8 24. Raa1 Ra4 25. Rxa4 bxa4 26. Rc4 $2 {[%emt 0:02:00] This costs White the game.} (26. e3 $17) 26... Qa5 $19 27. Qc2 {[%emt 0:02:35] [#]} Ra8 $1 {[%emt 0:01:19] Threatens to win with ...a3.} 28. Kf2 (28. Qc3 {keeps fighting.} a3 29. Qxa5 Rxa5 30. Rc1) 28... a3 {[%emt 0:00:12] Strongly threatening ...a2.} 29. Qa2 Ba6 30. Rc2 (30. Rc1 {was the only chance.} Bb5 31. h4) 30... Bb5 {[%emt 0:00:10] Black is clearly winning.} 31. e4 (31. Be4 $142) 31... Qa4 (31... Bd3 $142 32. Ke3 Bxc2 33. Qxc2 a2) 32. Rd2 Qb4 {[%emt 0:00:33] ...Bc4 would now be deadly.} 33. Rd1 Ba4 34. Qd2 Qxd2+ 35. Rxd2 Bb3 {[%emt 0:00:08] Weighted Error Value: White=0.53/Black=0.31.  Loses game:     	White=1     	---        Mistake:       	White=5     	Black=2      Inaccurate:     	White=2     	---        OK:         	White=7     	Black=10     Best:        	White=1     	Black=1      Strong:       	---       	Black=1} 0-1

[Event "26th Triest Festival 2024"]
[Site "Triest"]
[Date "2024.09.02"]
[Round "1.7"]
[White "Lumachi, Gabriele"]
[Black "Dasgupta, Avyukt"]
[Result "1-0"]
[Annotator "TA"]
[ECO "D02"]
[WhiteElo "2440"]
[BlackElo "2154"]
[PlyCount "57"]
[EventDate "2024.09.02"]
[EventType "swiss"]
[EventCountry "ITA"]
[SourceTitle "playchess.com"]
[Source "ChessBase"]
[SourceQuality "1"]
[TimeControl "5400+30"]

1. d4 Nf6 2. Nf3 d5 3. c3 c6 4. Qc2 Bg4 5. Ne5 Bh5 6. Qf5 e6 7. Qh3 Qc8 (7... Rg8 $14 {is more appropriate.}) 8. Bg5 {[%emt 0:03:54] White is more active. White is better.} Bg6 {[%emt 0:01:39] Inhibits e4.} 9. Nxg6 fxg6 10. Nd2 Be7 {[%emt 0:00:00] [#]} 11. e4 $1 Qd7 (11... Nxe4 12. Nxe4) 12. e5 Ng8 13. Be3 Na6 (13... Bd8 $142 14. Bd3 Ne7) 14. Bd3 $18 Nh6 15. Bxh6 gxh6 16. Qxh6 Nc7 17. Bxg6+ Kd8 18. Bd3 Rg8 19. O-O ({Don't play} 19. Qxh7 Qe8 20. g3 c5 $18) 19... Bg5 20. Qxh7 Rg7 {[%emt 0:00:00] [#]} (20... Qxh7 21. Bxh7 Rg7) 21. Qh8+ {[%emt 0:00:51] White is clearly winning.} Ne8 22. f4 Be7 23. f5 Bg5 24. f6 Be3+ 25. Kh1 Bxd2 26. fxg7 Qxg7 27. Qxg7 Nxg7 28. Rf8+ Ne8 29. Bg6 {[%emt 0:00:09] Black did not feel at home in the position after the opening.   Weighted Error Value: White=0.09 (flawless) /Black=0.35.  Mistake:       	---       	Black=3      Inaccurate:     	---       	Black=3      OK:         	White=7     	Black=2      Best:        	White=2     	Black=1      Brilliant:      	White=1     	---} 1-0

[Event "26th Triest Festival 2024"]
[Site "Triest"]
[Date "2024.09.02"]
[Round "1.8"]
[White "Sajn, Simon"]
[Black "Zhou, Yang-Fan"]
[Result "0-1"]
[Annotator "TA"]
[ECO "E61"]
[WhiteElo "2130"]
[BlackElo "2437"]
[PlyCount "116"]
[EventDate "2024.09.02"]
[EventType "swiss"]
[EventCountry "ITA"]
[SourceTitle "playchess.com"]
[Source "ChessBase"]
[SourceQuality "1"]
[TimeControl "5400+30"]

1. d4 Nf6 2. Bf4 d6 3. e3 g6 4. Nf3 Bg7 5. Be2 O-O 6. O-O b6 7. c4 Bb7 8. Nc3 Nbd7 9. Qc2 Nh5 10. Bg5 h6 11. Bh4 g5 12. Nd2 Nhf6 13. Bg3 e6 14. f4 Ne8 15. fxg5 Qxg5 16. Qd3 f5 (16... Nef6 $14) 17. Bf3 $16 c6 18. Bf4 (18. b4 $16) 18... Qe7 19. Bg3 e5 ({Better is} 19... Qg5 $11) 20. Bd1 $14 e4 21. Qe2 c5 22. Nb3 Rc8 23. Nd5 (23. a4 $16) 23... Bxd5 $11 24. cxd5 c4 (24... Qg5 $11) 25. Rc1 (25. Nd2 $16) 25... b5 $11 26. Na5 Nb6 27. b3 (27. a4 $5) 27... Nxd5 (27... c3 $1 $11 {remains equal.}) 28. bxc4 $16 f4 29. cxd5 ({Reject} 29. Bxf4 $6 Nxf4 30. Rxf4 Rxf4 31. exf4 d5 $11 (31... Bxd4+ 32. Kh1 $15)) ({White should try} 29. exf4 $16 {Bb3 is the strong threat.} b4 (29... Bxd4+ 30. Kh1 $16) 30. Qd2) 29... Rxc1 $14 30. Bxf4 Nc7 31. Qd2 (31. Nc6 $14 Qf7 32. Nxa7) 31... Rxd1 $11 32. Qxd1 Nxd5 33. Qb3 Qe6 34. g3 Nxf4 35. Rxf4 Qxb3 36. axb3 Re8 (36... Rxf4 $11 37. gxf4 Kf7) 37. Kf2 Bf8 38. Nc6 Ra8 $1 39. Rf5 (39. Rxe4 $5 a5 $8 40. Rg4+ Kh8 41. Rf4 $11) 39... a6 {[%emt 0:01:14] [#]} (39... Rc8 $11 40. d5 (40. Nxa7 Rc2+ 41. Ke1 b4 $11) 40... a5) 40. g4 (40. h4 $1 $16) 40... d5 $11 41. Rxd5 Rc8 42. Ne5 Be7 $1 43. Kg3 Bg5 44. Rc5 Rf8 $1 45. Rc6 Bxe3 46. Rxa6 Bxd4 47. Re6 b4 (47... Rf6 $5 48. Re8+ $8 (48. Rxf6 $2 {too greedy.} Bxe5+ 49. Kf2 Bxf6 $19) 48... Kg7 $11) 48. Nc6 Rf3+ 49. Kg2 Bc5 50. Rxe4 Rxb3 51. Ne7+ $2 (51. Re8+ $11 Kf7 52. Re5) 51... Kf8 $2 (51... Kh7 $19 {Threatens to win with ...Rb2+.} 52. Nf5 Rb2+ 53. Kf3 b3 (53... Rxh2 54. Rc4 $11)) 52. Nf5 $2 ({White must play} 52. Ng6+ $1 $15 Kf7 53. Ne5+ Kg7 54. Nd7) 52... Rc3 $2 (52... Rb2+ $19 {and Black stays clearly on top.} 53. Kf3 Rf2+ (53... Rxh2 54. Rc4 $11) 54. Kg3 b3) 53. Rf4 {[%emt 0:01:45] [#]} (53. Nd4 $142) 53... Ke8 ({Black should play} 53... Rc2+ $1 54. Kg3 Ke8) 54. Ng3 $2 (54. Nd4 $17) 54... b3 55. Rf1 b2 56. Rb1 Rc2+ 57. Kf3 Rxh2 58. Ne2 $2 (58. Ne4 Bd4 59. Nd6+ Kd7 60. Nf5) 58... Rf2+ 0-1

[Event "26th Triest Festival 2024"]
[Site "Triest"]
[Date "2024.09.02"]
[Round "1.10"]
[White "Colonetti, Fabio"]
[Black "Citak, Selim"]
[Result "1-0"]
[Annotator "RC"]
[ECO "A20"]
[WhiteElo "2118"]
[BlackElo "2416"]
[PlyCount "145"]
[EventDate "2024.09.02"]
[EventType "swiss"]
[EventCountry "ITA"]
[SourceTitle "playchess.com"]
[Source "ChessBase"]
[SourceQuality "1"]
[TimeControl "5400+30"]

1. c4 e5 2. g3 Nf6 3. Bg2 c6 4. Nf3 e4 5. Nd4 d5 6. cxd5 Qxd5 7. e3 Qe5 8. f4 exf3 9. Nxf3 Qh5 10. O-O Be7 11. Nc3 Bh3 12. Qb3 Bxg2 13. Kxg2 b6 14. d4 Nd5 15. Ne5 Nf6 16. e4 Ng4 17. Nxg4 Qxg4 18. Qxf7+ Kd8 19. h3 Qg6 20. Qxg6 hxg6 21. d5 Bf6 22. Bf4 Re8 23. Rad1 c5 24. Nb5 Rxe4 25. Nc7 g5 26. Nxa8 gxf4 27. Rxf4 Rxf4 28. gxf4 Bxb2 29. Rb1 Bc3 30. d6 Na6 31. Rb3 Bd2 32. Rg3 c4 33. Kf3 c3 34. Ke2 Bxf4 35. Rxc3 Bxd6 36. Rf3 Kc8 37. Rf7 Kb8 38. Nxb6 axb6 39. Rxg7 Nc5 40. Kf3 Kc8 41. h4 Ne6 42. Rh7 Kd8 43. Ke4 Nf8 44. Ra7 Nd7 45. Kd5 Bb8 46. Ra8 Kc7 47. Ra3 Nf6+ 48. Ke6 Nh5 49. Rb3 Kc6 50. Kf5 Bd6 51. Kg5 Ng3 52. h5 Nxh5 53. Kxh5 b5 54. Kg4 b4 55. Kf5 Kb5 56. Ke6 Bf8 57. Kd5 Bg7 58. Rf3 Bc3 59. Rf8 Kb6 60. Kc4 Be5 61. Re8 Bd6 62. Re6 Kc6 63. Rg6 Kc7 64. Kd5 Bf4 65. Kc5 Bd2 66. Rg7+ Kb8 67. Kc6 Be1 68. Rb7+ Ka8 69. Kb6 Bf2+ 70. Ka6 Bg3 71. Rg7 Bb8 72. Rg8 b3 73. Rxb8+ 1-0

[Event "26th Triest Festival 2024"]
[Site "Triest"]
[Date "2024.09.02"]
[Round "1.11"]
[White "Schnaider, Ilan"]
[Black "Kather, Yannick"]
[Result "1-0"]
[Annotator "RC"]
[ECO "B36"]
[WhiteElo "2409"]
[BlackElo "2107"]
[PlyCount "83"]
[EventDate "2024.09.02"]
[EventType "swiss"]
[EventCountry "ITA"]
[SourceTitle "playchess.com"]
[Source "ChessBase"]
[SourceQuality "1"]
[TimeControl "5400+30"]

1. e4 c5 2. Nf3 Nc6 3. d4 cxd4 4. Nxd4 g6 5. c4 Nf6 6. Nc3 d6 7. f3 Nxd4 8. Qxd4 Bg7 9. Be3 O-O 10. Qd2 Be6 11. Be2 Qa5 12. Rc1 Rfc8 13. b3 a6 14. O-O b5 15. cxb5 axb5 16. Bd4 Bd7 17. Kh1 b4 18. Na4 Bxa4 19. bxa4 Qxa4 20. Bc4 Nd7 21. Be3 Bc3 22. Qe2 Ne5 23. Bd5 Rab8 24. f4 Nd7 25. Bb3 Qb5 26. Qf3 Bf6 27. Bd2 Rc5 28. Rcd1 Nb6 29. e5 dxe5 30. fxe5 Rxe5 31. Bf4 Rf5 32. Bc2 Rxf4 33. Qxf4 Rc8 34. Bb3 Kg7 35. Rfe1 Rc5 36. Rxe7 Nd5 37. Bxd5 Rxd5 38. Ree1 Bc3 39. Rf1 Rxd1 40. Qxf7+ Kh6 41. Rxd1 Qe2 42. Qf4+ 1-0

[Event "26th Triest Festival 2024"]
[Site "Triest"]
[Date "2024.09.02"]
[Round "1.12"]
[White "Hofmann, Lorenz"]
[Black "Lohia, Sohum"]
[Result "1-0"]
[Annotator "TA"]
[ECO "C54"]
[WhiteElo "2099"]
[BlackElo "2402"]
[PlyCount "119"]
[EventDate "2024.09.02"]
[EventType "swiss"]
[EventCountry "ITA"]
[SourceTitle "playchess.com"]
[Source "ChessBase"]
[SourceQuality "1"]
[TimeControl "5400+30"]

1. e4 e5 2. Nf3 Nc6 3. Bc4 Nf6 4. d3 Bc5 5. O-O d6 6. c3 a5 7. Be3 Bxe3 8. fxe3 O-O {[%emt 0:00:39] The position is equal.} 9. Nbd2 Ne7 10. Qe2 Ng6 11. h3 c6 12. Bb3 Qe7 13. Rf2 Be6 14. Bc2 h6 15. Nf1 d5 16. exd5 cxd5 17. Ng3 Nd7 18. e4 dxe4 19. dxe4 (19. Qxe4 $11 f5 20. Qxb7) 19... Qc5 $15 20. Nf5 Rfd8 21. Nh2 (21. Qe3 $15) 21... Bxf5 ({Better is} 21... Nf4 $17 22. Qe3 Qxe3 23. Nxe3 b5) 22. exf5 Nf4 23. Qf1 (23. Qf3 $15) 23... Nf6 24. Nf3 {[%emt 0:03:38] Wards off Rd2} N6d5 {[%emt 0:02:21] ...Ne3 is the strong threat.} 25. Kh2 Ne3 26. Qg1 Qc7 {[%emt 0:03:56][%cal Oe5e4] Hoping for ...e4!} 27. g3 Nfd5 {[%emt 0:03:15] A dynamic duo of knights.} 28. Re1 {[%emt 0:02:34] [#]} Nxc2 29. Rxc2 f6 30. Qf2 Ne7 31. Nh4 Rd6 32. Rd2 Rad8 (32... Rxd2 $17 33. Qxd2 a4) 33. Red1 a4 34. a3 Rxd2 35. Rxd2 Rd6 36. g4 e4 (36... Kh7 $15) 37. Kg2 $11 Qc6 {[%emt 0:01:37] ( -> ...e3+)} 38. Rxd6 Qxd6 39. Qd4 Qxd4 40. cxd4 {[%emt 0:00:01][%mdl 4096] Endgame. KN-KN} Nd5 41. Kf2 Kf7 42. Ng2 Ke7 43. Ne3 {[%emt 0:01:29] Black is on the road to losing.} Nf4 {[%emt 0:00:33] [#]} ({Black should play} 43... Nb6) 44. Nd1 $1 $16 Kd6 (44... Kf7 $16) 45. Ke3 $1 $18 Nxh3 46. Nc3 $1 Kc6 (46... Ng5 {might work better.} 47. Nxa4 Kc6) 47. Nxa4 Ng5 48. Nc5 (48. Nc3 $142) 48... b6 $2 (48... Kd5 {is tougher.} 49. Nxb7 Nf3) 49. Nxe4 {[%emt 0:00:06] White is clearly winning.} Nf7 50. a4 Kd5 51. Kd3 h5 52. gxh5 (52. Nc3+ Kc6 53. gxh5 Nd6 54. d5+ Kd7) 52... Nh6 53. Nc3+ (53. b4 $142) 53... Kc6 54. Ke4 Ng4 55. b4 Nf2+ 56. Ke3 Ng4+ 57. Kd3 Nf2+ 58. Kc4 {[%emt 0:00:08] Black must now prevent a5.} Ng4 59. Nd5 Nh6 60. b5+ {[%emt 0:00:05] Weighted Error Value: White=0.16 (very precise) /Black=0.34.  Mistake:       	White=4     	Black=7      Inaccurate:     	White=3     	Black=5      OK:         	White=12    	Black=14     Best:        	White=5     	Black=1      Strong:       	White=2     	---} 1-0